 Dungeon Crawl Stone Soup version 0.26.1-11-gd32895ea62 (webtiles) character file.

Game seed: 9019017302828072467

46 Almogavar the Digger (level 3, -3/19 HPs)
             Began as a Gargoyle Earth Elementalist on May 23, 2021.
             Slain by Sigmund
             ... wielding a +0 scythe of protection
              (9 damage)
             ... on level 2 of the Dungeon.
             The game lasted 00:04:32 (922 turns).

Almogavar the Digger (Gargoyle Earth Elementalist)   Turns: 922, Time: 00:04:33

Health: -3/19      AC:  6    Str: 11    XL:     3   Next: 66%
Magic:  7/7        EV: 12    Int: 16    God:
Gold:   73         SH:  0    Dex: 10    Spells: 3/7 levels left

rFire    . . .     SeeInvis .   e - +0 mace (drain)
rCold    . . .     Faith    .   (no shield)
rNeg     + . .     Spirit   .   c - +0 robe
rPois    ∞         Reflect  .   d - +0 helmet
rElec    +         Harm     .   (no cloak)
rCorr    .         Rampage  .   (no gloves)
Will     .....                  (no boots)
Stlth    +.........             (no amulet)
HPRegen  0.06/turn              (no ring)
MPRegen  0.10/turn              (no ring)

@: confused
A: negative energy resistance 1, electricity resistance, unbreathing,
petrification resistance, miasma immunity, AC +3
a: no special abilities


You were on level 2 of the Dungeon.
You visited 1 branch of the dungeon, and saw 2 of its levels.

You collected 73 gold pieces.

Inventory:

Hand Weapons
 e - a +0 mace of draining (weapon)
Missiles
 b - 41 stones
Armour
 c - a +0 robe (worn)
 d - a +0 helmet (worn)
Scrolls
 a - a scroll of identify {unknown}
 f - 2 scrolls of remove curse


   Skills:
 + Level 1.6 Dodging
 + Level 2.5 Stealth
 + Level 2.9 Spellcasting
 + Level 0.7 Transmutations
 + Level 4.4 Earth Magic


You had 3 spell levels left.
You knew the following spells:

 Your Spells              Type           Power        Failure   Level
a - Sandblast             Erth           32%          3%          1
b - Stone Arrow           Conj/Erth      18%          22%         3

Your spell library contained the following spells:

 Spells                   Type           Power        Failure   Level
 Passwall                 Tmut/Erth      8%           10%         2
 Petrify                  Tmut/Erth      10%          54%         4
 Lee's Rapid Deconstruct  Erth           8%           65%         5


Dungeon Overview and Level Annotations

Branches:
Dungeon (2/15)

Altars:
The Shining One

Annotations:
D:2 Sigmund


Innate Abilities, Weirdness & Mutations

You are resistant to torment.
Your stone body is resilient. (AC +3)
You are immune to poison.
You resist negative energy. (rN+)
You are resistant to electric shocks. (rElec)
You can survive without breathing.
You are immune to petrification.
You are immune to miasma.


Message History

The magic dart hits you!
Ouch! That really hurt!
You see here 12 gold pieces.
You feel less confused.
Sigmund points at you and mumbles some strange words.
You are confused.
Sigmund laughs darkly.
Sigmund points at you and mumbles some strange words.
You resist with significant effort.
Sigmund gestures at himself while chanting.
Sigmund flickers and vanishes!
Deactivating autopickup; reactivate with Ctrl-A.
You feel less confused.
You see here a frilled lizard corpse.
You see here the felid corpse of Natasha.
A magic dart appears from out of thin air!
The magic dart hits you.
You are confused.
Something hits you!
You die...

#.......... #.......... ..
#.........> ..
#############........##.. .#
#.....#....##........>....
.#######.....#...................
..##........†.........=..........
..##....†.............#####......
..##.....#......@.....##.........
...$.....#....###.....##.........
........##.......................
........##..................####.
........######..............##...
........# .....###......#....
........# .....# #......#....
........# .....# #)...†....._
........# .... #......#....


There were no monsters in sight!

Vanquished Creatures
  Natasha (D:2)
  3 giant cockroaches (D:1)
  3 goblins (D:1)
  5 hobgoblins
  2 bats (D:1)
  2 frilled lizards
  2 kobolds
  5 rats (D:1)
23 creatures vanquished.

Notes
Turn   | Place    | Note
-------+----------+-------------------------------------------
     0 | D:1      | Almogavar the Gargoyle Earth Elementalist began the quest
                  | for the Orb.
     0 | D:1      | Reached XP level 1. HP: 10/10 MP: 3/3
   120 | D:1      | Reached skill level 4 in Earth Magic
   145 | D:1      | Reached XP level 2. HP: 15/15 MP: 3/5
   728 | D:2      | Found a glowing golden altar of the Shining One.
   812 | D:2      | Noticed Natasha
   821 | D:2      | Killed Natasha
   822 | D:2      | Reached XP level 3. HP: 19/19 MP: 2/7
   883 | D:2      | Learned a level 3 spell: Stone Arrow
   892 | D:2      | Noticed Sigmund
   922 | D:2      | Slain by Sigmund

Illustrated notes

Levels and vault maps discovered:
D:1:      scummos_arrival_simple_fountains, layout_rooms, minmay_misc_feat_chi,
          minmay_misc_feat_tower
D:2:      layout_basic, old_standard_altar, lemuel_coloured_pillars_altar,
          roderic_lattice_a, uniq_sigmund, uniq_crazy_yiuf_cottage, uniq_natasha

Skill      XL: |  1 |
---------------+----+-----
Earth Magic    | 4 |  4.4
Dodging        | |  1.6
Stealth        | |  2.5
Spellcasting   | |  2.9
Transmutations | |  0.7

Action                   || total
-------------------------++-------
Melee: Dagger            ||     2
       Mace              ||    10
 Cast: Sandblast         ||    24
  Use: Scroll            ||     1
 Stab: Sleeping          ||     2
Armor: Robe              ||    10
Dodge: Dodged            ||    10
